 Dungeon Crawl Stone Soup version 0.21-a0-41-g5e91fef (webtiles) character file.

459 Chaotic the Covered (level 6, 0/56 HPs)
             Began as a Minotaur Fighter on June 4, 2017.
             Succumbed to a scorpion's poison
             ... on level 4 of the Dungeon.
             The game lasted 00:04:19 (2778 turns).

Chaotic the Covered (Minotaur Fighter)              Turns: 2778, Time: 00:04:20

Health: 0/56       AC:  9    Str: 22    XL:     6   Next: 78%
Magic:  5/5        EV:  8    Int:  5    God:
Gold:   159        SH: 10    Dex: 10    Spells: 5/5 levels left

rFire    + . .     SeeInvis .   a - +1 rapier
rCold    x . .     Gourm    .   c - +0 shield
rNeg     . . .     Faith    .   b - +0 scale mail
rPois    .         Spirit   .   r - +2 hat
rElec    .         Reflect  .   (no cloak)
rCorr    .         Harm     .   (no gloves)
MR       .....                  (no boots)
Stlth    +.........             (no amulet)
Regen    0.2/turn               g - ring of fire
MPRegen  0.1/turn               t - ring of stealth

@: lethally poisoned (0 -> -11)
A: retaliatory headbutt, horns 2
a: no special abilities


You were on level 4 of the Dungeon.
You were very hungry.

You visited 1 branch of the dungeon, and saw 4 of its levels.

You collected 159 gold pieces.

Inventory:

Hand Weapons
 a - a +1 rapier (weapon)
Armour
 b - a +0 scale mail (worn)
 c - a +0 shield (worn)
 r - a +2 hat (worn)
Jewellery
 g - a ring of fire (left hand)
 t - a ring of stealth (right hand)
Wands
 s - a wand of disintegration (8/24)
Scrolls
 e - a scroll of identify
 h - a scroll of recharging
 l - 2 scrolls of teleportation {unknown}
 m - a scroll of enchant weapon
 p - a scroll of random uselessness {unknown}
Potions
 d - 3 potions of might
 i - a potion of cancellation {unknown}
 j - 3 potions of resistance
 k - a potion of haste {unknown}
 n - 2 potions of heal wounds {unknown}
 q - a potion of brilliance {unknown}
 u - a potion of lignification {unknown}
Comestibles
 f - 4 bread rations
 o - 2 royal jellies
 v - a meat ration


   Skills:
 + Level 5.4 Fighting
 + Level 4.5 Short Blades
 + Level 5.7 Armour
 + Level 5.5 Shields


You had 5 spell levels left.
You didn't know any spells.

Dungeon Overview and Level Annotations

Branches:
Dungeon (4/15)
 Temple: D:4-7

Altars:


Innate Abilities, Weirdness & Mutations

You reflexively headbutt those who attack you in melee.
You have a pair of horns on your head.


Message History

You feel sick. The scorpion stings you.
* * * LOW HITPOINT WARNING * * *
You are more poisoned.
The scorpion poisons you! You block the scorpion's attack.
You hit the scorpion.
The scorpion is severely wounded.
* * * LOW HITPOINT WARNING * * *
You feel sick.
The scorpion stings you but does no damage.
You hit the scorpion.
The scorpion is severely wounded.
* * * LOW HITPOINT WARNING * * *
You feel sick. You block the scorpion's attack.
You puncture the scorpion!
You kill the scorpion!
* * * LOW HITPOINT WARNING * * *
You feel sick.
* * * LOW HITPOINT WARNING * * *
You feel sick.
You die...

.........#####.#.#.# #.####.##.#.
#.#..............#.# #.# #.##.#.
#.#.####.#####...#.###.####.##.#.
...†# #.# #..............##.#.
.#..# #.# #...#.###.#######.#.
...## #.# #.#...# #.# #.#. #.##
#.# #...### #.# #.#< #.# #.#
###.# #.#######<#. ..######.# #@#
#........... .........# #.#
#########.## ####.##### #)# ##.##
#.######## #.# ##...#
#........##.....# ##.....
########.##.....# ##......
#.##....... ..........
#.##.....#.. ####......
#.##....###s# ##.....


There were no monsters in sight!

Vanquished Creatures
  2 ogres (D:4)
  A scorpion (D:4)
  A centaur skeleton (D:4)
  An orc priest (D:4)
  An orc wizard (D:4)
  9 adders
  2 worms
  An adder skeleton (D:4)
  2 dart slugs
  4 orcs
  2 ball pythons (D:1)
  3 giant cockroaches
  6 goblins
  5 hobgoblins
  3 jackals (D:4)
  A quokka (D:4)
  8 bats
  4 frilled lizards
  11 kobolds
  11 rats
78 creatures vanquished.

Notes
Turn   | Place    | Note
-------+----------+-------------------------------------------
     0 | D:1      | Chaotic the Minotaur Fighter began the quest for the Orb.
     0 | D:1      | Reached XP level 1. HP: 19/19 MP: 0/0
   151 | D:1      | Reached XP level 2. HP: 27/27 MP: 1/1
   638 | D:2      | Reached XP level 3. HP: 33/33 MP: 2/2
  1428 | D:3      | Reached XP level 4. HP: 29/40 MP: 3/3
  2148 | D:4      | Reached XP level 5. HP: 40/47 MP: 4/4
  2177 | D:4      | Reached skill level 5 in Armour
  2508 | D:4      | Noticed an ogre
  2512 | D:4      | Killed an ogre
  2512 | D:4      | Reached skill level 5 in Fighting
  2512 | D:4      | Reached skill level 5 in Shields
  2512 | D:4      | Reached XP level 6. HP: 54/56 MP: 5/5
  2776 | D:4      | HP: 2/56 [poisoned by a scorpion]
  2778 | D:4      | Succumbed to a scorpion's poison

Vault maps used:
D:1:      grunt_arrival_crossed_arrows, minmay_misc_feat_tower
D:3:      first_bread, minmay_misc_feat_encased
D:4:      nicolae_gozag_cash_rules_everything_around_me

Skill      XL: |  1  2  3  4  5 |
---------------+----------------+-----
Armour         | 4 5 |  5.7
Fighting       | 4 5 |  5.4
Shields        | 4 5 |  5.5
Short Blades   | 3 4 |  4.5

Action                   |  1- 3 |  4- 6 || total
-------------------------+-------+-------++-------
Melee: Rapier            |   102 |   120 ||   222
       Headbutt          |    17 |    17 ||    34
  Use: Scroll            |     7 |     1 ||     8
  Eat: Royal jelly       |     1 |       ||     1
       Chunk             |       |     3 ||     3
Armor: Scale mail        |    60 |    57 ||   117
Dodge: Dodged            |    28 |    32 ||    60
Block: Shield            |    54 |    63 ||   117
